 Dungeon Crawl Stone Soup version 0.32-a0-616-g9348d4545b (webtiles) character file.

Game seed: 2627000324745917699

4080 ezpacito the Trooper (level 10, -5/84 HPs)
             Began as a Coglin Chaos Knight on Mar 6, 2024.
             Was a Plaything of Xom.
             Slain by an orc warrior
             ... wielding a +2 halberd of electrocution
              (16 damage)
             ... in a bailey.
             The game lasted 00:14:49 (6716 turns).

ezpacito the Trooper (Coglin Chaos Knight)          Turns: 6716, Time: 00:14:49

Health: -5/84      AC: 18    Str: 14    XL:     10   Next: 25%
Magic:  15/15      EV: 13    Int: 19    God:    Xom [....*.]
Gold:   189        SH:  0    Dex: 15    Spells: 1/15 levels left

rFire   + + +        E - +1 hand axe (chaos) {Hua}
rCold   + + .        L - +3 mace (spect) {Bintanath}
rNeg    . . .        F - +1 swamp dragon scales
rPois   +            (helmet restricted)
rElec   .            e - scarf {rC+ rF+}
rCorr   .            k - +0 pair of gloves
SInv    .            f - +0 pair of boots
Will    +....        (amulet unavailable)
Stlth   +            (ring unavailable)
HPRegen 0.34/turn    (ring unavailable)
MPRegen 0.14/turn    (no gizmo)

%: clarity
@: confused, mighty, ambrosia-drunk, revving
A: off-hand wielding, slow wielding, warmup strikes, no jewellery, horns 1,
iridescent scales 3, agile 1, clarity, clever 2, cold resistance 1, fire
resistance 2, strong-willed 1, robust 1, wild magic 1, sturdy frame 1
a: Invent Gizmo, Renounce Religion


You were in a bailey.
You worshipped Xom.
You were a beloved toy of Xom.
You visited 2 branches of the dungeon, and saw 9 of its levels.
You also visited: Ossuary and Bailey.

You collected 348 gold pieces.
You spent 159 gold pieces at shops.

Inventory:

Hand Weapons
 a - a +0 hand axe of chaos {Sukanya}
 i - a +2 broad axe of flaming
 B - a +0 war axe
 E - a +1 hand axe of chaos (weapon) {Hua}
 G - a +1 falchion of flaming
 H - a +4 falchion
 L - a +3 spectral mace (offhand) {Bintanath}
Missiles
 j - 2 boomerangs
 l - 7 poisoned darts
 p - 5 curare-tipped darts
 z - 6 javelins
 I - a throwing net
 J - 4 silver javelins
Armour
 c - a +0 helmet
 e - a scarf of resistance (worn)
 f - a +0 pair of boots (worn)
 k - a +0 pair of gloves (worn)
 F - +1 swamp dragon scales (worn)
Talismans
 y - a flux talisman
 C - a beast talisman
 D - a blade talisman
Wands
 h - a wand of flame (11)
Scrolls
 g - a scroll of fear
 s - 3 scrolls of vulnerability
 t - 7 scrolls of teleportation
 u - a scroll of noise
 v - a scroll of immolation
 w - a scroll of revelation
 K - a scroll of fog
 M - a scroll of amnesia
Potions
 b - 3 potions of brilliance {unknown}
 m - a potion of lignification {unknown}
 n - 2 potions of attraction
 o - 2 potions of heal wounds {unknown}
 q - 2 potions of curing


   Skills:
 * Level 6.9 Fighting
 * Level 6.8(7.4) Axes
 + Level 4.0(5.7) Polearms
 * Level 5.8 Armour
 * Level 5.5 Dodging
 + Level 3.6 Stealth
 + Level 0.1 Unarmed Combat
 + Level 3.4 Spellcasting
 + Level 0.1 Evocations


You had one spell level left.
You knew the following spells:

 Your Spells              Type           Power      Damage    Failure   Level
a - Call Imp              Summ           8%         N/A       38%         2
b - Teleport Other        Tloc           4%         N/A       61%         3
c - Summon Hydra          Summ           2%         N/A       100%        7
m - Sublimation of Blood  Necr           4%         N/A       38%         2

Your spell library contained the following spells:

 Spells                   Type           Power      Damage    Failure   Level
 Gell's Gravitas          Tloc           4%         N/A       61%         3
 Dispersal                Tloc           2%         N/A       100%        6


Dungeon Overview and Level Annotations

Branches:
Dungeon (8/15)             Temple (1/1) D:7         Ossuary (visited)
 Bailey (1/1)
   Lair: D:8-11

Altars:
Ashenzari
Cheibriados
Dithmenos
Elyvilon
Fedhas
Gozag
Hepliaklqana
Kikubaaqudgha
Makhleb
Nemelex Xobeh
Qazlal
Ru
Sif Muna
Trog
Uskayaw
Vehumet
Wu Jian
Xom
Yredelemnul
Zin
The Shining One

Shops:
D:3 *


Innate Abilities, Weirdness & Mutations

You can wield a second weapon in your off-hand.
It takes a long time for you to wield or remove held weapons.
Your first few attacks do less damage.
You cannot equip rings or amulets.
You have a pair of small horns on your head.
You are completely covered in iridescent scales. (AC +6)
You are agile. (Dex +4, Str/Int -1)
You possess an exceptional clarity of mind.
Your mind is very acute. (Int +8, Str/Dex -2)
Your flesh is cold resistant. (rC+)
Your flesh is very heat resistant. (rF++)
You are strong-willed. (Will+)
You are robust. (+10% HP)
Your spells are a little harder to cast, but a little more powerful.
Your movements are slightly less encumbered by armour. (ER -2)


Message History

An orc comes into view. It is wielding a +0 halberd.
The orc shouts!
An orc comes into view. It is wielding a +0 trident.
The orc shouts!
The gnoll barely misses you. The gnoll hits you but does no damage.
The orc warrior closely misses you.
Found a gate leading back out of this place.
You regained 3 hp, and now have 26/84 hp.
Your +3 spectral mace {Bintanath} disappears.
The gnoll misses you. The gnoll barely misses you.
The orc attacks as it pursues you! The orc closely misses you.
The orc warrior hits you from afar with a +2 halberd of electrocution!
* * * LOW HITPOINT WARNING * * *
You take 4 damage, and have 22/84 hp.
You are too confused!
The gnoll hits you with a +3 halberd of electrocution.
* * * LOW HITPOINT WARNING * * *
The gnoll closely misses you. The orc barely misses you.
The orc hits you but does no damage. The orc attacks as it pursues you!
The orc closely misses you. The orc warrior closely misses you.
You take 1 damage, and have 21/84 hp.
You sock the orc with your +3 spectral mace!
You kill the orc!
You hit the orc warrior with your +1 hand axe of chaos.
You freeze the orc warrior.
You slash the gnoll with your +1 hand axe of chaos!
You burn the gnoll. The gnoll misses you. The gnoll closely misses you.
The orc completely misses you. The orc hits you but does no damage.
The orc warrior hits you with a +2 halberd of electrocution.
* * * LOW HITPOINT WARNING * * *
The orc hits you but does no damage.
You take 3 damage, and have 18/84 hp.
The gnoll hits you from afar with a +3 halberd of electrocution!
* * * LOW HITPOINT WARNING * * *
The orc hits you but does no damage. The orc attacks as it pursues you!
The orc barely misses you.
The orc warrior hits you but does no damage.
You are electrocuted!
You die...
Xom giggles madly!

# ### ##### #∩
#.###)')##
#'##'##+###'##+##+
#!.!.!## ##.....#
###.!.go#####.....#
#.'!og.)'.#)'..⌠..+
###.!o!@#####.....#
#!.o.!# ##.....##
#'##'##'###'##+##'##
#.# #.# #.#.## ##.#
## ### ##### ### #'#
##)#.###.###)#
+##+##'###'##'##'##
#.....## ##.....##
#.....#####.....###


You could see an orc warrior, 2 gnolls and 3 orcs.

Vanquished Creatures
  Maggie (D:7)
  Sigmund (D:3)
  2 yaks (D:6)
  2 ice beasts
  A black bear (D:5)
  A sky beast (D:7)
  An ogre (D:6)
  A kobold brigand (D:8)
  2 elf zombies (Ossuary)
  A bullfrog (D:6)
  2 scorpions
  2 bombardier beetles
  4 centaur zombies (Ossuary)
  4 human zombies (Ossuary)
  3 jellies
  6 orc priests
  A gnoll bouda (D:8)
  2 hounds
  Jessica (D:2)
  A sleepcap (D:5)
  Ijyb (D:5)
  2 orc wizards
  2 iguanas
  Terence (D:2)
  A killer bee zombie (Ossuary)
  3 mummies (Ossuary)
  Robin (D:3)
  13 gnolls
  5 adders
  A shadow imp (D:7)
  2 white imps
  3 dart slugs
  19 orcs
  4 bats
  5 endoplasms
  4 giant cockroaches
  18 goblins
  12 hobgoblins
  3 jackals (D:4)
  2 quokkas
  9 ball pythons
  4 frilled lizards
  11 kobolds
  6 rats
171 creatures vanquished.

Vanquished Creatures (collateral kills)
  Pikel (D:5)
  A kobold demonologist (D:6)
  3 yaks (D:6)
  A black bear (D:6)
  2 lemures (D:5)
  2 orcs
10 creatures vanquished.

Vanquished Creatures (others)
  An orc (D:5)
1 creature vanquished.

Grand Total: 182 creatures vanquished

Notes
Turn   | Place    | Note
-------+----------+-------------------------------------------
     0 | D:1      | ezpacito the Coglin Chaos Knight began the quest for the
                  | Orb.
     0 | D:1      | Reached XP level 1. HP: 18/18 MP: 1/1
   177 | D:1      | XOM: silly message
   187 | D:1      | Reached skill level 1 in Dodging
   298 | D:1      | Reached XP level 2. HP: 23/24 MP: 2/2
   339 | D:1      | XOM: potion effect (haste)
   693 | D:2      | Reached XP level 3. HP: 26/29 MP: 3/3
   714 | D:2      | XOM: silly message
   994 | D:2      | Noticed Terence
  1002 | D:2      | Killed Terence
  1003 | D:2      | Reached XP level 4. HP: 18/35 MP: 4/4
  1056 | D:2      | XOM: silly message
  1110 | D:2      | Noticed Jessica
  1111 | D:2      | XOM: silly message
  1115 | D:2      | XOM: confuse monster(s)
  1117 | D:2      | Killed Jessica
  1303 | D:2      | XOM: cloud trail
  1595 | D:3      | Noticed Sigmund
  1595 | D:3      | XOM: divination: magic mapping
  1598 | D:3      | XOM: butterfly on damage
  1601 | D:3      | Killed Sigmund
  1602 | D:3      | Reached skill level 1 in Polearms
  1602 | D:3      | Reached skill level 1 in Stealth
  1602 | D:3      | Reached skill level 1 in Spellcasting
  1602 | D:3      | Reached XP level 5. HP: 31/42 MP: 6/6
  1602 | D:3      | Reached XP level 6. HP: 36/48 MP: 7/7
  1678 | D:3      | Found a faded altar of an unknown god.
  1704 | D:3      | Noticed Robin
  1722 | D:3      | Killed Robin
  1767 | D:3      | XOM: silly message
  1957 | D:3      | Found Beluf's Assorted Antiques.
  1975 | D:3      | XOM: scenery: summon butterflies
  2047 | D:3      | XOM: cloud trail
  2140 | D:3      | Found a glowing silver altar of Zin.
  2276 | D:3      | Bought a scroll labelled GOSIWAOXIM for 25 gold pieces
  2276 | D:3      | Bought a coppery potion for 22 gold pieces
  2276 | D:3      | Bought a pair of gloves for 112 gold pieces
  2378 | D:3      | XOM: give mutations
  2378 | D:3      | Gained mutation: You are partially covered in iridescent
                  | scales. (AC +2) [Xom's grace]
  2378 | D:3      | Gained mutation: You are mostly covered in iridescent
                  | scales. (AC +4) [Xom's grace]
  2578 | D:4      | Found a shadowy altar of Dithmenos.
  2674 | D:4      | XOM: silly message
  2678 | D:4      | XOM: silly message
  2687 | D:4      | Found a sand-covered staircase.
  2751 | Ossuary  | Entered an ossuary
  2818 | Ossuary  | XOM: divination: detect items
  2821 | Ossuary  | Reached XP level 7. HP: 26/54 MP: 8/8
  2823 | Ossuary  | XOM: potion effect (haste)
  2955 | Ossuary  | XOM: potion effect (heal wounds)
  3056 | Ossuary  | XOM: cast spell 'Summon Ice Beast'
  3075 | Ossuary  | XOM: divination: detect items
  3082 | Ossuary  | Reached XP level 8. HP: 61/61 MP: 10/10
  3128 | D:4      | XOM: give mutations
  3128 | D:4      | Gained mutation: Your movements are slightly less
                  | encumbered by armour. (ER -2) [Xom's grace]
  3128 | D:4      | Gained mutation: You have hidden genetic potential. [Xom's
                  | grace]
  3483 | D:4      | XOM: divination: detect creatures
  3732 | D:4      | XOM: divination: magic mapping
  3734 | D:4      | XOM: swap monsters
  3746 | D:4      | XOM: god gift: scroll of enchant armour
  3770 | D:5      | Entered Level 5 of the Dungeon
  3951 | D:5      | XOM: scenery: create altars
  3958 | D:5      | Reached skill level 5 in Fighting
  3958 | D:5      | Reached skill level 5 in Axes
  4196 | D:5      | Noticed Ijyb
  4205 | D:5      | XOM: chaos upgrade
  4214 | D:5      | Killed Ijyb
  4216 | D:5      | XOM: god gift: 7 stones
  4382 | D:5      | Found a bloodstained altar of Trog.
  4426 | D:5      | Noticed Pikel
  4444 | D:5      | Killed Pikel
  4445 | D:5      | Reached XP level 9. HP: 25/69 MP: 12/12
  4461 | D:5      | Gained mutation: Your mind is acute. (Int +4, Str/Dex -1)
                  | [hidden potential]
  4526 | D:5      | XOM: give mutations
  4526 | D:5      | Gained mutation: You are strong-willed. (Will+) [Xom's
                  | grace]
  4526 | D:5      | Gained mutation: You are robust. (+10% HP) [Xom's grace]
  4526 | D:5      | Gained mutation: Your flesh is heat resistant. (rF+) [Xom's
                  | grace]
  4526 | D:5      | Gained mutation: You possess an exceptional clarity of
                  | mind. [Xom's grace]
  4649 | D:5      | XOM: 1-stop teleportation journey
  5167 | D:6      | Noticed a kobold demonologist
  5175 | D:6      | Killed a kobold demonologist
  5176 | D:6      | Reached skill level 5 in Armour
  5252 | D:6      | Reached skill level 5 in Dodging
  5268 | D:6      | Reached XP level 10. HP: 55/84 MP: 14/14
  5523 | D:6      | Found a glowing golden altar of the Shining One.
  5523 | D:6      | Found a white marble altar of Elyvilon.
  5523 | D:6      | Found a snail-covered altar of Cheibriados.
  5523 | D:6      | Found a radiant altar of Vehumet.
  5598 | D:6      | XOM: noise
  5803 | D:7      | XOM: noise
  5926 | D:7      | Gained mutation: Your mind is very acute. (Int +8, Str/Dex
                  | -2) [hidden potential]
  5926 | D:7      | Lost mutation: You have hidden genetic potential. [hidden
                  | potential expressed]
  5968 | D:7      | Noticed Maggie
  5973 | D:7      | Found a staircase to the Ecumenical Temple.
  5983 | D:7      | Killed Maggie
  6004 | D:7      | XOM: 4-stop teleportation journey
  6105 | D:7      | XOM: give mutations
  6105 | D:7      | Gained mutation: You are completely covered in iridescent
                  | scales. (AC +6) [Xom's grace]
  6105 | D:7      | Gained mutation: Your spells are a little harder to cast,
                  | but a little more powerful. [Xom's grace]
  6105 | D:7      | Gained mutation: You have a pair of small horns on your
                  | head. [Xom's grace]
  6363 | D:7      | XOM: give mutations
  6363 | D:7      | Gained mutation: Your flesh is cold resistant. (rC+) [Xom's
                  | grace]
  6363 | D:7      | Gained mutation: Your flesh is very heat resistant. (rF++)
                  | [Xom's grace]
  6363 | D:7      | Gained mutation: You are agile. (Dex +4, Str/Int -1) [Xom's
                  | grace]
  6368 | Temple   | Entered the Ecumenical Temple
  6371 | D:7      | Saving game... please wait.
  6496 | D:8      | Found a flagged portal.
  6520 | Bailey   | Entered a bailey
  6607 | Bailey   | Learned a level 2 spell: Call Imp
  6610 | Bailey   | Learned a level 2 spell: Sublimation of Blood
  6614 | Bailey   | Learned a level 3 spell: Teleport Other
  6622 | Bailey   | Learned a level 7 spell: Summon Hydra
  6712 | Bailey   | XOM: scenery: 7 doors open, 1 doors close
  6716 | Bailey   | Slain by an orc warrior

Illustrated notes

Levels and vault maps discovered:
D:1:      minmay_arrival_solitary_statue, layout_basic
D:2:      layout_loops_corners, serial_glass, glass_columns_b, glass_columns_c,
          item_on_display_a, feat_on_display, item_on_display_a,
          due_unseen_surprise, minmay_hedge_maze, uniq_jessica, uniq_terence
D:3:      layout_basic, mainiacjoe_overflow_boulevard,
          shapermc_ecumenical_altar_mp_urbaneastern, serial_shops,
          nicolae_shop_waterfront, uniq_robin, uniq_sigmund
D:4:      layout_gridville, grunt_dithmenos_smoke, nicolae_ossuary_entry_plus,
          chequers_decorated_corner
D:5:      layout_loops_ring, trog_hazing_becter, serial_aquarium,
          aquarium_bridge_square [aquarium_subvault_bridge,
          aquarium_subvault_bridge, aquarium_subvault_bridge,
          aquarium_subvault_wall], aquarium_window_corridor_1,
          aquarium_window_2, aquarium_view_2a, uniq_pikel, uniq_ijyb
D:6:      layout_loops_ring, chequers_temple_overflow_statue_of_worship
D:7:      layout_cave_pools, minmay_temple_entry_stoned_glass, uniq_maggie
D:8:      layout_basic, enter_bailey_5, minmay_quadrilaterals
Temple:   nicolae_temple_ecumenical_triangle
Bailey:   bailey_polearm_nasty_gnolls, bailey

Skill      XL: |  1  2  3  4  5  6  7  8  9 10 |
---------------+-------------------------------+-----
Dodging        | 1 2 3 4 5 |  5.5
Armour         | 2 3 4 5 |  5.8
Polearms       | 1 2 3 4 |  4.0
Stealth        | 1 2 3 |  3.6
Spellcasting   | 1 2 3 |  3.4
Fighting       | 4 5 6 |  6.9
Axes           | 4 5 6 |  6.8
Unarmed Combat | |  0.1
Evocations     | |  0.1

Action                     |  1- 3 |  4- 6 |  7- 9 | 10-12 || total
---------------------------+-------+-------+-------+-------++-------
  Melee: Hand axe          |    35 |    61 |   196 |    73 ||   365
         Mace              |    31 |    63 |   191 |    69 ||   354
         Dagger            |     2 |       |       |       ||     2
         Headbutt          |       |       |       |    10 ||    10
  Evoke: Wand              |       |       |       |     3 ||     3
    Use: Potion            |     1 |     2 |     5 |     3 ||    11
         Scroll            |       |    13 |     2 |     6 ||    21
   Stab: Petrifying        |     1 |       |     1 |       ||     2
         Sleeping          |     1 |       |       |     6 ||     7
         Confused          |       |     3 |     1 |     1 ||     5
         Distracted        |       |     2 |     3 |     2 ||     7
         Paralysed         |       |       |     5 |       ||     5
 Armour: Leather armour    |    23 |       |       |       ||    23
         Chain mail        |       |    56 |       |       ||    56
         Plate armour      |       |    41 |   202 |    13 ||   256
         Swamp dragon scal |       |       |       |    44 ||    44
  Dodge: Dodged            |    10 |    28 |    62 |    61 ||   161

Table legend: (Time is in decaauts)
 A = Elapsed time spent in this place.
 B = Non-inter-level travel time spent in this place.
 C = Inter-level travel time spent in this place.
 D = Time resting spent in this place.
 E = Time spent auto-exploring this place.
 F = Levels seen in this place.
 G = Mean time per level.
                   A        B        C        D        E       F      G
               +--------+--------+--------+--------+--------+-----+--------+
         Total |   6715 |   6397 |    318 |    142 |   4713 |  11 |  610.5 |
       Dungeon |   6178 |   5861 |    317 |    120 |   4466 |   8 |  772.2 |
        Temple |      1 |      1 |      0 |      0 |      0 |   1 |    1.0 |
       Ossuary |    337 |    337 |      0 |     22 |    186 |   1 |  337.0 |
        Bailey |    198 |    198 |      0 |      0 |     60 |   1 |  198.0 |
               +--------+--------+--------+--------+--------+-----+--------+

Top non-repeatable levels by time:
     D:5: 1185 daAuts
     D:3: 976 daAuts
     D:4: 929 daAuts
     D:2: 912 daAuts
     D:6: 839 daAuts
     D:1: 612 daAuts
     D:7: 585 daAuts
 Ossuary: 337 daAuts
  Bailey: 198 daAuts
     D:8: 136 daAuts
  Temple: 1 daAuts
